 Dungeon Crawl Stone Soup version 0.29-a0-676-ga64570c9d2 (webtiles) character file.

Game seed: 6092955891735414303

570 vineage the Fighter (level 7, -2/76 HPs)
             Began as a Gargoyle Fighter on June 24, 2022.
             Slain by Duvessa
             ... wielding a +3 short sword of speed
              (3 damage)
             ... on level 4 of the Dungeon.
             The game lasted 00:03:55 (4488 turns).

vineage the Fighter (Gargoyle Fighter)              Turns: 4488, Time: 00:03:56

Health: -2/76      AC: 11    Str: 21    XL:     7   Next: 34%
Magic:  7/7        EV:  9    Int:  9    God:
Gold:   142        SH:  4    Dex:  9    Spells: 6/6 levels left

rFire   . . .      SeeInvis .   a - +0 flail (vamp)
rCold   . . .      Faith    .   c - +0 buckler
rNeg    + . .      Spirit   .   b - +0 scale mail
rPois   ∞          Reflect  .   (no helmet)
rElec   +          Harm     .   (no cloak)
rCorr   .          Rampage  .   (no gloves)
Will    .....                   (no boots)
Stlth   ..........              (no amulet)
HPRegen 0.22/turn               (no ring)
MPRegen 0.10/turn               (no ring)

@: mighty, berserking, very quick
A: sickness immunity, AC +4, negative energy resistance 1, electricity
resistance, torment resistance 1, petrification resistance
a: no special abilities


You were on level 4 of the Dungeon.
You visited 1 branch of the dungeon, and saw 6 of its levels.

You collected 142 gold pieces.

Inventory:

Hand Weapons
 a - a +0 vampiric flail (weapon)
Armour
 b - a +0 scale mail (worn)
 c - a +0 buckler (worn)
Jewellery
 g - a ring of fire
Scrolls
 j - a scroll of poison
 k - 3 scrolls of teleportation
 m - a scroll of enchant weapon {unknown}
 p - a scroll of brand weapon
 q - a scroll of amnesia {unknown}
 s - a scroll of enchant armour {unknown}
 t - a scroll of blinking {unknown}
Potions
 d - a potion of might
 e - a potion of invisibility
 f - a potion of lignification
 h - 2 potions of berserk rage
 i - 3 potions of curing
 l - a potion of heal wounds {unknown}
 n - a potion of cancellation {unknown}
 o - 2 potions of attraction {unknown}
 r - a potion of brilliance {unknown}


   Skills:
 * Level 9.0 Fighting
 - Level 2.0 Maces & Flails
 - Level 3.2 Armour
 - Level 3.2 Shields


You had 6 spell levels left.
You didn't know any spells.
Your spell library contained the following spells:

 Spells                   Type           Power      Damage    Failure   Level
 Confusing Touch          Hex            0%         N/A       99%         3
 Petrify                  Tmut/Erth      0%         N/A       100%        4
 Irradiate                Conj/Tmut      0%         3d13      100%        5
 Yara's Violent Unravell  Hex/Tmut       0%         3d3       100%        5
 Enfeeble                 Hex            0%         N/A       100%        7
 Sublimation of Blood     Necr           Unusable   N/A       N/A         2

Dungeon Overview and Level Annotations

Branches:
Dungeon (6/15)
 Temple: D:4-7

Altars:

Annotations:
D:4 Dowan, Duvessa


Innate Abilities, Weirdness & Mutations

You are immune to sickness and miasma.
Your stone body is resilient. (AC +4)
You are immune to poison.
You resist negative energy. (rN+)
You are resistant to electric shocks. (rElec)
You are resistant to unholy torment.
You are immune to petrification.


Message History

Duvessa barely misses you.
Duvessa hits you with a +3 short sword of speed.
Dowan gestures wildly while chanting.
Dowan blinks!
Duvessa hits you with a +3 short sword of speed.
* * * LOW HITPOINT WARNING * * *
You feel better. Duvessa hits you but does no damage.
Duvessa hits you with a +3 short sword of speed.
A red film seems to cover your vision as you go berserk!
You feel yourself moving faster!
You feel mighty!
Duvessa hits you with a +3 short sword of speed. x2
* * * LOW HITPOINT WARNING * * *
Dowan throws and catches a handful of magical flame, then smirks.
Duvessa hits you with a +3 short sword of speed.
* * * LOW HITPOINT WARNING * * *
You hit Duvessa.
Duvessa is heavily wounded.
Duvessa hits you but does no damage. Dowan closely misses you.
Duvessa hits you with a +3 short sword of speed.
* * * LOW HITPOINT WARNING * * *
You sock Duvessa!
Duvessa is almost dead.
Duvessa hits you with a +3 short sword of speed.
* * * LOW HITPOINT WARNING * * *
You block Dowan's attack. You block Duvessa's attack.
You hit Duvessa but do no damage.
Duvessa is almost dead.
Duvessa hits you with a +3 short sword of speed!
* * * LOW HITPOINT WARNING * * *
You block Dowan's attack.
You are too berserk!
You hit Duvessa.
You feel better.
Duvessa is almost dead.
Duvessa hits you with a +3 short sword of speed.
* * * LOW HITPOINT WARNING * * *
You block Duvessa's attack.
Dowan gestures wildly while chanting.
Dowan blinks!
Duvessa hits you with a +3 short sword of speed.
You die...

##.#.....#............>...#.##...
.......#####.........##...#.#####
.#####.# #.........##...#.# # .#
#.# #.........####.#.# # .###
#.#####...####.## #.#.#
...###...........#..# #.#.#
.#.......#######...## #.#.#
...##....#⌠....#e### #.#.#
#........#8....'@########...#
...#####.#⌠..).#e.......)#..##
.#...###.##+#+##.......#.....####
.###...#.# #........###......
...###...# #........# #.#####
##..####.#######.....)..###.#####
#......)..............#........#
#....#####...###...............#
#....# ##### #...............#


You could see Duvessa (fast) and Dowan.

Vanquished Creatures
  An ogre (D:4)
  3 phantoms (D:4)
  A hound (D:4)
  An orc priest (D:3)
  An orc wizard (D:3)
  10 adders
  A white imp (D:5)
  A worm (D:3)
  2 dart slugs
  2 orcs (D:3)
  7 ball pythons
  6 endoplasms
  2 giant cockroaches
  8 goblins
  10 hobgoblins
  3 jackals (D:1)
  8 quokkas
  6 bats
  A frilled lizard (D:3)
  7 kobolds
  3 rats
84 creatures vanquished.

Notes
Turn   | Place    | Note
-------+----------+-------------------------------------------
     0 | D:1      | vineage the Gargoyle Fighter began the quest for the Orb.
     0 | D:1      | Reached XP level 1. HP: 14/14 MP: 1/1
   172 | D:1      | Reached XP level 2. HP: 18/20 MP: 2/2
   290 | D:1      | HP: 1/20 [frozen (3)]
   292 | D:1      | Reached skill level 4 in Fighting
  1028 | D:1      | Reached XP level 3. HP: 16/24 MP: 3/3
  1780 | D:2      | Reached skill level 5 in Fighting
  1845 | D:2      | Reached XP level 4. HP: 25/31 MP: 4/4
  2687 | D:2      | Reached skill level 6 in Fighting
  2886 | D:3      | Reached XP level 5. HP: 36/36 MP: 5/5
  3331 | D:3      | You fall into a shaft and drop 3 floors!
  3346 | D:5      | Entered Level 5 of the Dungeon
  3398 | D:4      | Reached skill level 7 in Fighting
  3673 | D:4      | Noticed a phantom
  3693 | D:4      | Killed a phantom
  3694 | D:4      | Reached XP level 6. HP: 28/44 MP: 6/6
  4012 | D:4      | Reached skill level 8 in Fighting
  4192 | D:4      | Reached XP level 7. HP: 46/50 MP: 7/7
  4207 | D:4      | Reached skill level 9 in Fighting
  4473 | D:4      | Noticed Duvessa
  4473 | D:4      | Noticed Dowan
  4488 | D:4      | HP: 1/76 [Duvessa/+3 short sword of speed (6)]
  4488 | D:4      | Slain by Duvessa

Illustrated notes

Levels and vault maps discovered:
D:1:      scummos_arrival_simple_fountains, layout_loops_corners
D:2:      layout_basic, minmay_pentomino_pile
D:3:      layout_loops_ring, kennysheep_generic_room_9
D:4:      dreamdust_elfheim, layout_rooms, minmay_unequal
D:5:      layout_basic
D:6:      kennysheep_steamy, layout_loops_ring, minmay_temple_entry_overgrown,
          uniq_pikel

Skill      XL: |  1  2  3  4  5  6  7 |
---------------+----------------------+-----
Fighting       | 4 5 6 7 8 9 |  9.0
Maces & Flails | |  2.0
Armour         | |  3.2
Shields        | |  3.2

Action                   |  1- 3 |  4- 6 |  7- 9 || total
-------------------------+-------+-------+-------++-------
Melee: Flail             |   103 |   259 |    30 ||   392
  Use: Scroll            |     6 |     5 |       ||    11
       Potion            |       |       |     3 ||     3
Armor: Scale mail        |    58 |   189 |    16 ||   263
Dodge: Dodged            |    52 |   169 |    11 ||   232
Block: Buckler           |    19 |    52 |    14 ||    85

Table legend: (Time is in decaauts)
 A = Elapsed time spent in this place.
 B = Non-inter-level travel time spent in this place.
 C = Inter-level travel time spent in this place.
 D = Time resting spent in this place.
 E = Time spent auto-exploring this place.
 F = Levels seen in this place.
 G = Mean time per level.
                   A        B        C        D        E       F      G
               +--------+--------+--------+--------+--------+-----+--------+
         Total |   4618 |   4557 |     61 |    223 |   3530 |   6 |  769.7 |
       Dungeon |   4618 |   4557 |     61 |    223 |   3530 |   6 |  769.7 |
               +--------+--------+--------+--------+--------+-----+--------+

Top non-repeatable levels by time:
     D:1: 1672 daAuts
     D:4: 1180 daAuts
     D:2: 1098 daAuts
     D:3: 640 daAuts
     D:6: 14 daAuts
     D:5: 11 daAuts
